 Dungeon Sprint DCSS version 0.30-a0-715-gdb4ae3ece1 (webtiles) character file.

Game seed: 6481597772094990986

12 rocky1 the Geomancer (level 5, -8/32 HPs)
             Began as a Gargoyle Earth Elementalist on Jan 24, 2023.
             Was an Initiate of Gozag.
             Mangled by an orc warrior
             ... wielding a +0 hand axe
              (14 damage)
             ... in the Dungeon (Sprint VI: "Thunderdome").
             The game lasted 00:03:31 (346 turns).

rocky1 the Geomancer (Gargoyle Earth Elementalist)   Turns: 346, Time: 00:03:32

Health: -8/32      AC:  6    Str: 12    XL:     5   Next: 27%
Magic:  11/12      EV: 12    Int: 17    God:    Gozag
Gold:   337        SH:  0    Dex: 19    Spells: 10/14 levels left

rFire   . . .      SeeInvis .    l - +5 club
rCold   . . .      Faith    .    (no shield)
rNeg    + + +      Spirit   .    a - +0 robe
rPois   ∞          Reflect  .    (no helmet)
rElec   +          Harm     .    (no cloak)
rCorr   .          Rampage  .    (no gloves)
Will    +....      NoTele   +    (no boots)
Stlth   ++                       m - amulet "Rywn" {RegenMP Dex+6}
HPRegen 0.25/turn                n - ring "Purau" {Fire Dex+3}
MPRegen 0.53/turn                s - ring "Xitoschi" {Ice *Corrode rN++ Will+}

@: no status effects
A: sickness immunity, AC +4, negative energy resistance 1, electricity
resistance, torment resistance 1, petrification resistance
a: Renounce Religion, Potion Petition, Call Merchant, Bribe Branch


You were in the Dungeon.
You worshipped Gozag.
Gozag was aware of your devotion.
You visited 1 branch You collected 697 gold pieces.
You spent 360 gold pieces at shops.

Inventory:

Hand Weapons
 l - a +5 club (weapon)
Armour
 a - a +0 robe (worn)
Jewellery
 m - the amulet "Rywn" (around neck) {RegenMP Dex+6}
   (You bought it in a shop in the Dungeon)

   [amulet of magic regeneration]

   It increases your rate of magic regeneration.
   Dex:       It affects your dexterity (+6).
 n - the ring "Purau" (left hand) {Fire Dex+3}
   (You bought it in a shop in the Dungeon)

   [ring of fire]

   It enhances your fire magic.
   Dex:       It affects your dexterity (+3).
   rF:        It protects you from fire.
   rC:        It makes you vulnerable to cold.
 o - the amulet "Goab" {Faith Will+}
   (You bought it in a shop in the Dungeon)

   [amulet of faith]

   It allows you to gain divine favour quickly.
   Will:      It increases your willpower.
 p - the amulet of Mimuove {Faith rF++}
   (You bought it in a shop in the Dungeon)

   [amulet of faith]

   It allows you to gain divine favour quickly.
   rF:        It greatly protects you from fire.
 q - the amulet "Beasuf" {RegenMP Fly rElec rC- Int+4}
   (You bought it in a shop in the Dungeon)

   [amulet of magic regeneration]

   It increases your rate of magic regeneration.
   Int:       It affects your intelligence (+4).
   rC:        It makes you vulnerable to cold.
   rElec:     It insulates you from electricity.
   Fly:       It grants you flight.
 r - the amulet "Neddaudo" {Acrobat rPois rF+}
   (You bought it in a shop in the Dungeon)

   [amulet of the acrobat]

   It increases your evasion while moving and waiting.
   rF:        It protects you from fire.
   rPois:     It protects you from poison.
 s - the ring "Xitoschi" (right hand) {Ice *Corrode rN++ Will+}
   (You bought it in a shop in the Dungeon)

   [ring of ice]

   It enhances your ice magic.
   rF:        It makes you vulnerable to fire.
   rC:        It protects you from cold.
   rN:        It greatly protects you from negative energy.
   *Corrode:  It may corrode you when you take damage.
   Will:      It increases your willpower.
 t - the amulet of the Raven {Acrobat Str+6}
   (You bought it in a shop in the Dungeon)

   [amulet of the acrobat]

   It increases your evasion while moving and waiting.
   Str:       It affects your strength (+6).
Wands
 i - a wand of acid (5)
 j - a wand of iceblast (5)
Scrolls
 g - 4 scrolls of blinking
 k - 3 scrolls of fog
Potions
 b - 3 potions of magic
 c - a potion of curing
 d - 4 potions of heal wounds
 e - 4 potions of haste
 f - a potion of berserk rage
 h - a potion of resistance


   Skills:
 + Level 3.4 Fighting
 - Level 1.5 Dodging
 - Level 2.1 Stealth
 + Level 5.3 Spellcasting
 + Level 2.7 Conjurations
 - Level 0.7 Transmutations
 + Level 9.4 Earth Magic


You had 10 spell levels left.
You knew the following spells:

 Your Spells              Type           Power      Damage    Failure   Level
a - Sandblast             Erth           72%        2d16      1%          1
b - Stone Arrow           Conj/Erth      50%        3d10      3%          3

Your spell library contained the following spells:

 Spells                   Type           Power      Damage    Failure   Level
 Passwall                 Tmut/Erth      17%        N/A       2%          2
 Petrify                  Tmut/Erth      21%        N/A       17%         4


Dungeon Overview and Level Annotations

Branches:
Dungeon (1/1)

Altars:
Cheibriados
Dithmenos
Fedhas
Gozag
Kikubaaqudgha
Makhleb
Okawaru
Qazlal
Ru
Sif Muna
Trog
Uskayaw
Vehumet
Wu Jian
Xom
Yredelemnul
Zin
The Shining One
Lugonu

Shops:
D *[??*?*:[((!!!!


Innate Abilities, Weirdness & Mutations

You are immune to sickness and miasma.
Your stone body is resilient. (AC +4)
You are immune to poison.
You resist negative energy. (rN+)
You are resistant to electric shocks. (rElec)
You are resistant to unholy torment.
You are immune to petrification.


Message History

Your Conjurations skill increases to level 2!
Unknown command.
You now have 337 gold pieces (gained 72).
You see here a +0 dagger.
An orc warrior comes into view. It is wielding a +0 hand axe.
Casting: Sandblast (safe; 1% risk of failure)
Confirm with . or Enter, or press ? or * to list all spells.
Aiming: Sandblast (safe; 1% risk of failure)
Press: ? - help, Shift-Dir - straight line, f - orc warrior
Aim: an orc warrior, wielding a +0 hand axe, wearing a +0 plate armour and quivering boomerangs (wandering, hasn't noticed you, 84% to hit)
The blast of sand hits the orc warrior!
The orc warrior is moderately wounded.
The orc warrior shouts!
Casting: Sandblast (safe; 1% risk of failure)
Confirm with . or Enter, or press ? or * to list all spells.
Aiming: Sandblast (safe; 1% risk of failure)
Press: ? - help, Shift-Dir - straight line, f/p - orc warrior
Aim: an orc warrior, wielding a +0 hand axe, wearing a +0 plate armour and quivering boomerangs (moderately wounded, 84% to hit)
The blast of sand hits the orc warrior but does no damage.
The orc warrior is moderately wounded.
The orc warrior throws a boomerang.
The boomerang hits you!
Casting: Sandblast (safe; 1% risk of failure)
Confirm with . or Enter, or press ? or * to list all spells.
Aiming: Sandblast (safe; 1% risk of failure)
Press: ? - help, Shift-Dir - straight line, f/p - orc warrior
Aim: an orc warrior, wielding a +0 hand axe, wearing a +0 plate armour and quivering boomerangs (lightly wounded, 84% to hit)
The blast of sand hits the orc warrior.
The orc warrior is moderately wounded.
The orc warrior throws a boomerang.
The boomerang hits you!
* * * LOW HITPOINT WARNING * * *
Casting: Sandblast (safe; 1% risk of failure)
Confirm with . or Enter, or press ? or * to list all spells.
Aiming: Sandblast (safe; 1% risk of failure)
Press: ? - help, Shift-Dir - straight line, f/p - orc warrior
Aim: an orc warrior, wielding a +0 hand axe, wearing a +0 plate armour and quivering boomerangs (moderately wounded, 84% to hit)
The blast of sand hits the orc warrior!
The orc warrior is almost dead.
The orc warrior hits you with a +0 hand axe!
You die...
Your body crumbles into a pile of gold.

#∩.......∩# #........_#
#........_# #_......._#
###.........### #⌠...........⌠#
######.8......[..8.######
##.___.....o###......___∩##
###∩........8@# #.8........∩##
##.............###.............
#⌠..........###...###..........
#⌠..........# #.<.# #..........
#⌠..........###..)###).........
##.............###.............
###∩......).8.# #.8........∩##
##∩___......###....[.___∩##
######.8.......).8.######


You could see an orc warrior.

Vanquished Creatures
  2 orc priests (D)
  Jessica (D)
  An orc wizard (D)
  Terence (D)
  An adder (D)
  2 orcs (D)
  A goblin (D)
  A rat (D)
10 creatures vanquished.

Notes
Turn   | Place    | Note
-------+----------+-------------------------------------------
     0 | D        | rocky1 the Gargoyle Earth Elementalist began the quest for
                  | the Orb.
     0 | D        | Reached XP level 1. HP: 10/10 MP: 3/3
     4 | D        | Found a shimmering altar of Xom.
     5 | D        | Found a blossoming altar of Fedhas.
     5 | D        | Found a stormy altar of Qazlal.
     5 | D        | Round 1.
     6 | D        | Found a glowing golden altar of the Shining One.
     7 | D        | Found a burning altar of Makhleb.
     7 | D        | Found Yrchui's Staff Store.
     7 | D        | Found Napha's Magic Scroll Shop.
     8 | D        | Found Hunicia's Must-Have Magic.
     8 | D        | Found Larchek's Magic Scroll Shop.
     9 | D        | Found an iron altar of Okawaru.
    10 | D        | Found Baseo's Distillery.
    12 | D        | Found a sacrificial altar of Ru.
    12 | D        | Found a basalt altar of Yredelemnul.
    12 | D        | Found an opulent altar of Gozag.
    12 | D        | Found Qedoes's Do-It-Yourself Clinic.
    13 | D        | Found Cayri's Distillery.
    13 | D        | Found Dasuezu's Bottled Wisdom.
    16 | D        | Noticed Jessica
    18 | D        | Found a shadowy altar of Dithmenos.
    20 | D        | Killed Jessica
    21 | D        | Reached skill level 6 in Earth Magic
    21 | D        | Reached XP level 2. HP: 15/15 MP: 2/6
    21 | D        | Reached XP level 3. HP: 19/19 MP: 2/8
    21 | D        | Found a radiant altar of Vehumet.
    31 | D        | Became a worshipper of Gozag Ym Sagoz the Greedy
    32 | D        | Noticed Terence
    42 | D        | Found Conipn's Weapon Rack.
    44 | D        | Found a glowing silver altar of Zin.
    44 | D        | Found a bloodstained altar of Trog.
    44 | D        | Found Hichucw's Premium Goods.
    45 | D        | Found Piyxavue's Basic Armour.
    45 | D        | Found Vul Xiap's Miscellaneous Merchandise.
    53 | D        | Found an ancient bone altar of Kikubaaqudgha.
    97 | D        | Killed Terence
    98 | D        | Reached skill level 7 in Earth Magic
   123 | D        | Found a corrupted altar of Lugonu.
   124 | D        | Found a snail-covered altar of Cheibriados.
   125 | D        | Found a hide-covered altar of Uskayaw.
   128 | D        | Found an ornate altar of the Wu Jian Council.
   128 | D        | Found a shimmering blue altar of Sif Muna.
   128 | D        | Found Tallomm's Identification Station.
   129 | D        | Found Rewk's Jewellery.
   129 | D        | Found Wiome's Advanced Armour.
   149 | D        | Arena points: 12 (+12) [x2]
   150 | D        | Reached skill level 8 in Earth Magic
   150 | D        | Reached XP level 4. HP: 23/24 MP: 6/10
   186 | D        | Round 2.
   217 | D        | Bought a clouded ruby amulet for 45 gold pieces
   217 | D        | Identified the amulet "Rywn" {RegenMP Dex+6} (You bought it
                  | in a shop in the Dungeon)
   217 | D        | Bought a bound pewter ring for 45 gold pieces
   217 | D        | Identified the ring "Purau" {Fire Dex+3} (You bought it in
                  | a shop in the Dungeon)
   217 | D        | Bought a transparent brass amulet for 45 gold pieces
   217 | D        | Identified the amulet "Goab" {Faith Will+} (You bought it
                  | in a shop in the Dungeon)
   217 | D        | Bought a translucent pewter amulet for 45 gold pieces
   217 | D        | Identified the amulet of Mimuove {Faith rF++} (You bought
                  | it in a shop in the Dungeon)
   217 | D        | Bought a steaming lead amulet for 45 gold pieces
   217 | D        | Identified the amulet "Beasuf" {RegenMP Fly rElec rC-
                  | Int+4} (You bought it in a shop in the Dungeon)
   217 | D        | Bought a transparent ruby amulet for 45 gold pieces
   217 | D        | Identified the amulet "Neddaudo" {Acrobat rPois rF+} (You
                  | bought it in a shop in the Dungeon)
   217 | D        | Bought a brightly glowing steel ring for 45 gold pieces
   217 | D        | Identified the ring "Xitoschi" {Ice *Corrode rN++ Will+}
                  | (You bought it in a shop in the Dungeon)
   217 | D        | Bought a transparent pewter amulet for 45 gold pieces
   217 | D        | Identified the amulet of the Raven {Acrobat Str+6} (You
                  | bought it in a shop in the Dungeon)
   239 | D        | Reached skill level 1 in Fighting
   268 | D        | Learned a level 3 spell: Stone Arrow
   301 | D        | Reached skill level 5 in Spellcasting
   301 | D        | Reached skill level 1 in Conjurations
   301 | D        | Reached skill level 9 in Earth Magic
   313 | D        | Reached XP level 5. HP: 31/31 MP: 10/12
   341 | D        | Noticed an orc warrior
   346 | D        | Mangled by an orc warrior

Illustrated notes

Levels and vault maps discovered:
D:        arena_sprint

Skill      XL: |  1  2  3  4  5 |
---------------+----------------+-----
Spellcasting   | 3 4 5 |  5.3
Earth Magic    | 6 8 9 |  9.4
Fighting       | 2 3 |  3.4
Conjurations   | 1 2 |  2.7
Dodging        | |  1.5
Stealth        | |  2.1
Transmutations | |  0.7

Action                     |  1- 3 |  4- 6 || total
---------------------------+-------+-------++-------
   Cast: Sandblast         |    11 |    15 ||    26
 Armour: Robe              |     2 |     1 ||     3
  Dodge: Dodged            |     2 |     1 ||     3

Table legend: (Time is in decaauts)
 A = Elapsed time spent in this place.
 B = Non-inter-level travel time spent in this place.
 C = Inter-level travel time spent in this place.
 D = Time resting spent in this place.
 E = Time spent auto-exploring this place.
 F = Levels seen in this place.
 G = Mean time per level.
                   A        B        C        D        E       F      G
               +--------+--------+--------+--------+--------+-----+--------+
         Total |    357 |    357 |      0 |     47 |      0 |   1 |  357.0 |
       Dungeon |    357 |    357 |      0 |     47 |      0 |   1 |  357.0 |
               +--------+--------+--------+--------+--------+-----+--------+

Top non-repeatable levels by time:
       D: 357 daAuts
